 Dungeon Crawl Stone Soup version 0.31.0-12-g77e489cdc1 (webtiles) character file.

Game seed: 5926333981417807595

20 Arctor the Firebug (level 2, -8/15 HPs)
             Began as a Deep Elf Fire Elementalist on Feb 21, 2024.
             Engulfed by a cloud of flame (23 damage)
             ... on level 1 of the Dungeon.
             The game lasted 00:00:53 (1472 turns).

Arctor the Firebug (Deep Elf Fire Elementalist)     Turns: 1472, Time: 00:00:53

Health: -8/15      AC:  3    Str:  5    XL:     2   Next: 58%
Magic:  5/8        EV: 13    Int: 19    God:
Gold:   26         SH:  0    Dex: 15    Spells: 4/7 levels left

rFire   . . .        f - +0 dagger (venom)
rCold   . . .        (no shield)
rNeg    . . .        a - +0 robe
rPois   .            (no helmet)
rElec   .            c - +0 cloak
rCorr   .            (no gloves)
SInv    .            (no boots)
Will    .....        (no amulet)
Stlth   ++           (no ring)
HPRegen 0.22/turn    (no ring)
MPRegen 0.11/turn

%: no passive effects
@: no status effects
A: no striking features
a: no special abilities


You were on level 1 of the Dungeon.
You visited 1 branch of the dungeon, and saw 1 of its levels.

You collected 26 gold pieces.

Inventory:

Hand Weapons
 e - a +0 dagger
 f - a +0 dagger of venom (weapon)
Missiles
 d - a throwing net
Armour
 a - a +0 robe (worn)
 c - a +0 cloak (worn)
Potions
 b - a potion of magic


   Skills:
 + Level 2.8 Dodging
 + Level 2.8 Stealth
 + Level 3.3 Spellcasting
 + Level 1.5 Conjurations
 + Level 3.5 Fire Magic


You had 4 spell levels left.
You knew the following spells:

 Your Spells              Type           Power      Damage    Failure   Level
a - Foxfire               Conj/Fire      48%        2x1d6     5%          1
b - Scorch                Fire           32%        2d6       5%          2

Your spell library contained the following spells:

 Spells                   Type           Power      Damage    Failure   Level
 Static Discharge         Conj/Air       12%        3-4/arc   16%         2
 Inner Flame              Hex/Fire       9%         N/A       22%         3
 Volatile Blastmotes      Fire/Tloc      18%        2d11      22%         3
 Stone Arrow              Conj/Erth      12%        3d7       32%         3
 Flame Wave               Conj/Fire      12%        2d6       45%         4
 Animate Armour           Summ/Erth      6%         N/A       82%         4
 Alistair's Intoxication  Alch           2%         N/A       99%         5
 Lehudib's Crystal Spear  Conj/Erth      3%         10d2      100%        8


Dungeon Overview and Level Annotations

Branches:
Dungeon (1/15)

Altars:


Message History

You open the door.
There is an open door here.
You open the door.
A rat comes into view.
A rat is nearby!
There is an open door here.
The helpless rat fails to defend itself.
You puncture the rat!
You kill the rat!
You open the door.
There is an open door here.
You see here a rat skeleton.
You see here a +0 short sword.
Key pressed, stopping explore.
There is an escape hatch in the floor here.
There is an open door here.
There is an open door here.
A goblin and a bat come into view.
The bat is engulfed in blazing flames.
The bat moves out of view.
A goblin is nearby!
No reachable target in view!
Casting: Scorch (safe; 5% risk of failure)
Confirm with . or Enter, or press ? or * to list all spells.
You conjure some foxfire!
The goblin shouts!
Casting: Foxfire (safe; 5% risk of failure)
Confirm with . or Enter, or press ? or * to list all spells.
You conjure some foxfire!
The foxfire hits the goblin.
You kill the goblin!
The bat is engulfed in blazing flames.
The bat dies!
Casting: Foxfire (safe; 5% risk of failure)
Confirm with . or Enter, or press ? or * to list all spells.
You conjure some foxfire!
Your foxfire dissipates!
Your foxfire dissipates!
Your foxfire dissipates!
You are engulfed in blazing flames.
Ouch! That really hurt!
You die...

.# ### #.##########
.# #..........# .##
##...#####.# ..#
#○○.# #.# ..####
#☼§§# #v# .....#
#§.§# #.#
.....#####...#####§#
......§○§.$:!.○○☼..#
......§§§.!.=.☼§@..#
......☼☼☼..$..°§§.##
.....#####...######
.....# #§° '##### #.
.# .# ## ♣#♣#♣#♣


There were no monsters in sight!

Vanquished Creatures
  2 dart slugs (D:1)
  A ball python (D:1)
  An endoplasm (D:1)
  2 goblins (D:1)
  A hobgoblin (D:1)
  A bat (D:1)
  A frilled lizard (D:1)
  4 kobolds (D:1)
  3 rats (D:1)
16 creatures vanquished.

Vanquished Creatures (collateral kills)
  A foxfire (D:1)
1 creature vanquished.

Vanquished Creatures (others)
  A bat (D:1)
  75 foxfires (D:1)
76 creatures vanquished.

Grand Total: 93 creatures vanquished

Notes
Turn   | Place    | Note
-------+----------+-------------------------------------------
     0 | D:1      | Arctor the Deep Elf Fire Elementalist began the quest for
                  | the Orb.
     0 | D:1      | Reached XP level 1. HP: 10/10 MP: 6/6
   368 | D:1      | Got the Elucidation of Force and Reagents
   404 | D:1      | Reached XP level 2. HP: 15/15 MP: 5/8
   532 | D:1      | Learned a level 2 spell: Scorch
  1472 | D:1      | Engulfed by a cloud of flame

Illustrated notes

Levels and vault maps discovered:
D:1:      tarquinn_simple_flora_water_b, layout_basic, serial_forest,
          infiniplex_forest_straight_3, infiniplex_forest_clump_tiny,
          infiniplex_forest_zigzag_2, infiniplex_forest_clump_small,
          infiniplex_forest_3_way, infiniplex_forest_zigzag_2,
          infiniplex_forest_lined_4_way, infiniplex_forest_end_double,
          infiniplex_forest_lined_room_3, lemuel_flame_loot_1

Action                     || total
---------------------------++-------
  Melee: Dagger            ||     1
   Cast: Foxfire           ||    50
         Scorch            ||     1
   Stab: Sleeping          ||     1
 Armour: Robe              ||     5
  Dodge: Dodged            ||     4
